 Dungeon Crawl Stone Soup version 0.21.1-1-g345015f (webtiles) character file.

19414 kae the Martial Artist (level 12, -4/110 HPs)
             Began as a Demonspawn Transmuter on June 11, 2018.
             Was a High Priest of Okawaru.
             Slain by a wolf (8 damage)
             ... on level 5 of the Lair of Beasts.
             The game lasted 00:23:21 (20618 turns).

kae the Martial Artist (Demonspawn Transmuter)     Turns: 20618, Time: 00:23:22

Health: -4/110     AC:  6    Str: 12    XL:     12   Next: 36%
Magic:  17/23      EV: 23    Int: 15    God:    Okawaru [*****.]
Gold:   762        SH:  0    Dex: 17    Spells: 11/26 levels left

rFire    x . .     SeeInvis .     - Unarmed
rCold    + + +     Gourm    .   (shield currently unavailable)
rNeg     . . .     Faith    .   (armour currently unavailable)
rPois    +         Spirit   .   (helmet currently unavailable)
rElec    .         Reflect  .   (cloak currently unavailable)
rCorr    .         Harm     .   (gloves currently unavailable)
MR       .....                  (boots currently unavailable)
Stlth    +++.......             (no amulet)
HPRegen  0.28/turn              A - +5 ring of evasion
MPRegen  0.18/turn              L - ring of poison resistance

@: ice-form, heroism, very slightly contaminated
A: large, demonic guardian 1
a: End Transformation, Heroism, Finesse, Renounce Religion


You were on level 5 of the Lair of Beasts.
You worshipped Okawaru.
Okawaru was extremely pleased with you.
You were very hungry.
You were a creature of crystalline ice.
You visited 3 branches of the dungeon, and saw 16 of its levels.

You collected 762 gold pieces.

Inventory:

Missiles
 a - 275 arrows
Armour
 b - a +1 robe (melded)
 r - a +1 pair of gloves (melded)
Jewellery
 i - an uncursed ring of wizardry
 q - an uncursed amulet of harm
 t - a +1 ring of slaying
 z - an uncursed ring of protection from fire
 A - a +5 ring of evasion (left front paw)
 E - an uncursed ring of positive energy
 L - a ring of poison resistance (right front paw)
Wands
 e - a wand of digging (4)
 n - a wand of flame (2)
 I - a wand of acid (17)
 N - a wand of random effects (41)
Scrolls
 f - 4 scrolls of identify
 h - 4 scrolls of remove curse
 j - 2 scrolls of enchant weapon
 p - 5 scrolls of enchant armour
 s - 2 scrolls of teleportation
 v - 2 scrolls of blinking
 y - 4 scrolls of fear
 J - a scroll of amnesia
Potions
 g - 2 potions of curing
 k - a potion of cancellation
 m - 2 potions of invisibility
 o - 3 potions of mutation
 u - 4 potions of haste
 w - a potion of ambrosia
 x - a potion of agility
 C - a potion of brilliance
 F - a potion of flight
 G - 3 potions of might
Books
 c - a book of Changes

   Spells                             Type                      Level
   a - Beastly Appendage              Transmutation                1
   b - Sticks to Snakes               Transmutation                2
   c - Spider Form                    Transmutation/Poison         3
   d - Ice Form                       Ice/Transmutation            4
   e - Blade Hands                    Transmutation                5
 l - a book of Cantrips

   Spells                             Type                      Level
   a - Confusing Touch                Hexes                        1
   b - Animate Skeleton               Necromancy                   1
   c - Summon Small Mammal            Summoning                    1
   d - Apportation                    Translocation                1
 H - a book of Callings

   Spells                             Type                      Level
   a - Summon Small Mammal            Summoning                    1
   b - Call Imp                       Summoning                    2
   c - Call Canine Familiar           Summoning                    3
   d - Summon Guardian Golem          Hexes/Summoning              3
   e - Summon Lightning Spire         Summoning/Air                4
   f - Summon Ice Beast               Ice/Summoning                4
 K - a book of Frost

   Spells                             Type                      Level
   a - Freeze                         Ice                          1
   b - Throw Frost                    Conjuration/Ice              2
   c - Ozocubu's Armour               Charms/Ice                   3
   d - Throw Icicle                   Conjuration/Ice              4
   e - Summon Ice Beast               Ice/Summoning                4
Comestibles
 d - 31 rations


   Skills:
 + Level 8.1(13.1) Fighting
 + Level 7.5(12.5) Dodging
 * Level 10.6(15.6) Unarmed Combat
 + Level 7.5 Spellcasting
 + Level 7.5 Transmutations
 + Level 9.5 Invocations


You had 11 spell levels left.
You knew the following spells:

 Your Spells              Type           Power        Failure   Level  Hunger
a - Beastly Appendage     Tmut           ####..       1%          1    None
b - Sticks to Snakes      Tmut           ####....     1%          2    None
c - Spider Form           Tmut/Pois      ###.......   8%          3    ##.....
d - Blade Hands           Tmut           ####......   16%         5    #####..
e - Ice Form              Ice/Tmut       ###.....     26%         4    ####...


Dungeon Overview and Level Annotations

Branches:
Dungeon (11/15)            Temple (1/1) D:5            Lair (3/6) D:10
  Snake (0/4) Lair:2          Orc (0/2) D:9
  Swamp: Lair:2-4    Shoals: Lair:2-4

Altars:
Ashenzari
Cheibriados
Dithmenos
Elyvilon
Fedhas
Gozag
Hepliaklqana
Kikubaaqudgha
Makhleb
Nemelex Xobeh
Okawaru
Qazlal
Ru
Sif Muna
Trog
Uskayaw
Vehumet
Wu Jian
Xom
Yredelemnul
Zin
The Shining One

Shops:
D:7 (   D:9 }

Annotations:
D:6 Kagorn's ghost, novice GrBe
D:8 craydon's ghost, novice DrBe
Lair:2 exclusion: oklob plant


Innate Abilities, Weirdness & Mutations

((You have sharp fingernails.))
((You have hoof-like feet.))
((You have a pair of horns on your head.))
A weak demonic guardian rushes to your aid.
((Your flesh is heat resistant. (rF+)))


Message History

You kill the slime creature!
Okawaru accepts your kill.
Your quasit barely misses the wolf. x2; Your quasit claws the wolf.
The wolf closely misses your quasit. The wolf bites you!
* * * LOW HITPOINT WARNING * * *
The wolf misses your quasit.
Your quasit bites the wolf but does no damage.
Your quasit barely misses the wolf.
Your quasit misses the wolf. The wolf barely misses your quasit.
Your quasit misses the wolf.
Your quasit closely misses the wolf. x2
Okay, then.
You are too injured to fight recklessly!
You are too injured to fight recklessly!
Unknown command.
You feel better. The wolf bites you!
* * * LOW HITPOINT WARNING * * *
The wolf misses your quasit. The slime creature hits you.
* * * LOW HITPOINT WARNING * * *
The wolf bites you!
You die...

.. .. .. ..... .
. .. ...
.....P.#.#. ..#
......#.#.##.#
......#......#
......#......##
............%.#.
.....P.hY......#
....J.†Jh......#
.......5####..#.
.....P### #..
##.... . #...
#... .... ....


You could see a slime creature, 2 wolves, a jelly and a friendly quasit.

Vanquished Creatures
  A hydra (Lair:3)
  2 two-headed ogres
  An unseen horror (D:11)
  An ugly thing (D:11)
  A centaur zombie (D:10)
  3 black mambas
  2 spiny frogs (Lair:2)
  2 kobold demonologists
  3 komodo dragons (Lair:1)
  A troll (D:10)
  A slime creature (Lair:5)
  4 hippogriffs
  A shadow (D:11)
  14 yaks
  4 wyverns
  A wraith (D:10)
  2 hungry ghosts
  2 basilisks (Lair:2)
  2 two-headed ogre zombies (D:9)
  3 wargs (D:10)
  3 nagas (Lair:2)
  4 water moccasins
  2 porcupines (Lair:3)
  5 orc warriors
  3 ogres
  2 sky beasts
  5 phantoms
  2 black bears
  2 necrophages (D:10)
  4 ice beasts
  3 wolves
  5 centaurs
  5 crocodiles
  4 big kobolds
  6 bullfrogs
  2 water moccasin skeletons
  3 scorpions
  A troll zombie (D:9)
  15 killer bees
  5 wights
  4 electric eels
  4 crimson imps
  2 bullfrog zombies (D:9)
  A gnoll shaman (D:10)
  2 bullfrog skeletons
  6 jellies
  6 orc priests
  6 hounds
  2 iguanas
  10 orc wizards
  4 worker ants
  A killer bee zombie (D:6)
  5 ogre zombies (D:9)
  A worker ant zombie (D:10)
  9 gnolls
  7 adders
  3 shadow imps
  5 oozes (D:8)
  An adder skeleton (D:6)
  3 worms (D:3)
  2 dart slugs
  4 leopard geckos
  39 orcs
  9 giant cockroaches
  6 goblins
  11 hobgoblins
  10 jackals
  4 quokkas
  2 ball pythons
  4 bats
  2 frilled lizards
  3 goblin skeletons (D:9)
  A goblin zombie (D:9)
  A hobgoblin skeleton (D:9)
  3 hobgoblin zombies (D:9)
  21 kobolds
  2 orc skeletons (D:9)
  15 orc zombies (D:9)
  A quokka skeleton (D:4)
  4 rats
  A butterfly (Lair:1)
359 creatures vanquished.

Vanquished Creatures (collateral kills)
  An ugly thing (D:11)
  A spiny frog (Lair:1)
  A komodo dragon (Lair:1)
  A yak (Lair:2)
  A naga (Lair:2)
  A wolf (Lair:1)
  A big kobold (D:11)
  An adder (D:2)
  2 kobolds
10 creatures vanquished.

Vanquished Creatures (others)
  3 fungi
  4 plants
7 creatures vanquished.

Grand Total: 376 creatures vanquished

Notes
Turn   | Place    | Note
-------+----------+-------------------------------------------
     0 | D:1      | kae the Demonspawn Transmuter began the quest for the Orb.
     0 | D:1      | Reached XP level 1. HP: 15/15 MP: 3/3
   141 | D:1      | Gained mutation: Your flesh is heat resistant. (rF+) [demonic ancestry]
   141 | D:1      | Reached XP level 2. HP: 8/21 MP: 3/5
   396 | D:1      | Learned a level 2 spell: Sticks to Snakes
   445 | D:1      | Reached skill level 3 in Unarmed Combat
   863 | D:2      | Gained mutation: You have a pair of small horns on your head. [demonic ancestry]
   863 | D:2      | Reached XP level 3. HP: 19/26 MP: 2/6
  1085 | D:2      | Found a bloodstained altar of Trog.
  1197 | D:2      | Found a shimmering altar of Xom.
  1681 | D:2      | You fall through a shaft!
  1851 | D:3      | Learned a level 3 spell: Spider Form
  1924 | D:3      | Gained mutation: You have large cloven feet. [demonic ancestry]
  1924 | D:3      | Reached XP level 4. HP: 32/32 MP: 3/7
  2783 | D:3      | Reached XP level 5. HP: 31/38 MP: 2/9
  3427 | D:4      | Reached skill level 4 in Unarmed Combat
  3461 | D:4      | Reached XP level 6. HP: 20/46 MP: 7/10
  3841 | D:4      | Found an ancient bone altar of Kikubaaqudgha.
  3842 | D:4      | Found a blossoming altar of Fedhas.
  4216 | D:5      | Entered Level 5 of the Dungeon
  4692 | D:5      | Found a staircase to the Ecumenical Temple.
  4872 | Temple   | Entered the Ecumenical Temple
  5014 | Temple   | Became a worshipper of Warmaster Okawaru
  5059 | D:5      | Found a burning altar of Makhleb.
  5060 | D:5      | Found a bloodstained altar of Trog.
  5066 | D:5      | Found a snail-covered altar of Cheibriados.
  5066 | D:5      | Found an opulent altar of Gozag.
  5066 | D:5      | Found a basalt altar of Yredelemnul.
  5067 | D:5      | Found a sacrificial altar of Ru.
  5570 | D:6      | Noticed Kagorn's ghost (novice GrBe)
  5934 | D:6      | Gained mutation: You have a pair of horns on your head. [demonic ancestry]
  5934 | D:6      | Reached XP level 7. HP: 30/52 MP: 7/11
  5988 | D:6      | Reached skill level 1 in Invocations
  6224 | D:6      | Reached skill level 5 in Unarmed Combat
  7149 | D:7      | Reached * piety under Okawaru
  7149 | D:7      | Gained mutation: You have hoof-like feet. [demonic ancestry]
  7149 | D:7      | Reached XP level 8. HP: 54/60 MP: 9/13
  7496 | D:7      | Found Mem Nuve's Antique Weapon Emporium.
  7914 | D:7      | Found an ornate altar of the Wu Jian Council.
  8136 | D:8      | Noticed craydon's ghost (novice DrBe)
  8219 | D:8      | Noticed a two-headed ogre
  8308 | D:7      | Reached skill level 6 in Unarmed Combat
  8416 | D:8      | Reached ** piety under Okawaru
  8423 | D:8      | Killed a two-headed ogre
  8423 | D:8      | Gained mutation: You have sharp fingernails. [demonic ancestry]
  8423 | D:8      | Reached XP level 9. HP: 44/67 MP: 12/16
  8778 | D:8      | Reached skill level 5 in Fighting
  8778 | D:8      | Reached skill level 7 in Unarmed Combat
  8779 | D:8      | Reached skill level 5 in Invocations
  8783 | D:8      | Reached skill level 5 in Spellcasting
  8785 | D:8      | Reached skill level 5 in Transmutations
  8819 | D:8      | HP: 3/68 [poisoned by a killer bee]
  8827 | D:8      | HP: 3/68 [poisoned by a killer bee]
  9181 | D:8      | Reached *** piety under Okawaru
  9181 | D:8      | Reached skill level 5 in Dodging
 10452 | D:9      | Found a radiant altar of Vehumet.
 10825 | D:9      | Found a basalt altar of Yredelemnul.
 10946 | D:9      | Found a staircase to the Orcish Mines.
 10956 | D:9      | Reached XP level 10. HP: 73/74 MP: 15/18
 11299 | D:9      | Found Fouppirph's Gadget Boutique.
 11638 | D:9      | Found a hazy altar of Hepliaklqana.
 11683 | D:10     | Entered Level 10 of the Dungeon
 11693 | D:9      | Reached skill level 8 in Unarmed Combat
 12012 | D:10     | Reached **** piety under Okawaru
 12038 | D:10     | HP: 1/76 [warg (13)]
 13135 | D:10     | Found a staircase to the Lair.
 13209 | D:10     | Reached ***** piety under Okawaru
 13677 | D:10     | Found a snail-covered altar of Cheibriados.
 13686 | D:10     | Reached skill level 9 in Unarmed Combat
 13812 | D:10     | Gained mutation: A weak demonic guardian rushes to your aid. [demonic ancestry]
 13812 | D:10     | Reached XP level 11. HP: 80/81 MP: 16/20
 14029 | D:10     | Noticed a sixfirhy
 14403 | D:11     | Noticed a cyan ugly thing
 14406 | D:11     | Noticed a purple ugly thing
 14430 | D:11     | Killed a green ugly thing
 14987 | D:11     | Noticed a two-headed ogre
 15002 | D:11     | Killed a two-headed ogre
 16094 | D:11     | Killed a green ugly thing
 16493 | D:11     | Killed an unseen horror
 16651 | Lair:1   | Entered Level 1 of the Lair of Beasts
 17149 | Lair:1   | Reached skill level 10 in Unarmed Combat
 17758 | Lair:1   | Received a gift from Okawaru
 18335 | Lair:1   | Learned a level 5 spell: Blade Hands
 18340 | Lair:1   | Learned a level 4 spell: Ice Form
 18874 | Lair:2   | Reached XP level 12. HP: 90/90 MP: 18/22
 19079 | Lair:2   | Found a staircase to the Snake Pit.
 20111 | Lair:3   | Identified a scroll of acquirement
 20112 | Lair:3   | Got a twitching steel ring
 20114 | Lair:3   | Identified the ring "Sioddufe" {rElec rF+++ Dex+5 Slay-4 Stlth-} (You acquired it on level 3 of the Lair of Beasts)
 20423 | Lair:3   | Noticed a seven-headed hydra
 20494 | Lair:3   | Killed a seven-headed hydra
 20590 | Lair:3   | You fall through a shaft for 2 floors!
 20618 | Lair:5   | HP: 4/110 [slime creature (2)]
 20618 | Lair:5   | Slain by a wolf

Skill      XL: |  1  2  3  4  5  6  7  8  9 10 11 12 |
---------------+-------------------------------------+-----
Transmutations | 2 3 4 5 6 7 |  7.5
Unarmed Combat | 3 4 5 6 7 9 10 | 10.6
Dodging        | 2 3 4 5 6 7 |  7.5
Fighting       | 2 3 4 5 6 7 8 |  8.1
Spellcasting   | 3 4 5 6 7 |  7.5
Invocations    | 2 4 5 7 9 |  9.5

Action                   |  1- 3 |  4- 6 |  7- 9 | 10-12 || total
-------------------------+-------+-------+-------+-------++-------
Melee: Unarmed           |   134 |   163 |   343 |   651 ||  1291
       Kick              |    17 |    22 |    19 |    49 ||   107
       Headbutt          |    13 |     6 |    11 |    34 ||    64
       Punch             |     2 |     2 |     1 |     5 ||    10
 Cast: Beastly Appendage |    24 |       |       |       ||    24
       Sticks to Snakes  |     2 |       |     2 |     1 ||     5
       Spider Form       |     1 |    23 |    41 |    54 ||   119
       Ice Form          |       |       |       |     8 ||     8
       Blade Hands       |       |       |       |     3 ||     3
Invok: Heroism           |       |       |     4 |    18 ||    22
Evoke: Wand              |       |       |       |    11 ||    11
  Use: Scroll            |     2 |    15 |     2 |     8 ||    27
       Potion            |       |       |     3 |     3 ||     6
 Stab: Sleeping          |     2 |     2 |     3 |     1 ||     8
       Distracted        |       |       |     1 |     5 ||     6
  Eat: Chunk             |     4 |    14 |    15 |    26 ||    59
       Ration            |       |       |     2 |     3 ||     5
Armor: Robe              |    29 |    10 |     7 |    24 ||    70
       Skin              |       |     3 |     6 |    18 ||    27
Dodge: Dodged            |    93 |   106 |   311 |   721 ||  1231
